 Dungeon Crawl Stone Soup version 0.29-a0-717-g6dac4ea423 (webtiles) character file.

Game seed: 17068111330591549962

2191172 magipi the Hoplite (level 27, 261/261 HPs)
             Began as a Minotaur Monk on June 24, 2022.
             Was an Initiate of Gozag.
             Escaped with the Orb
             ... and 4 runes on June 26, 2022!
             The game lasted 05:19:26 (78227 turns).

magipi the Hoplite (Minotaur Monk)                 Turns: 78227, Time: 05:19:26

Health: 261/261    AC: 37    Str: 26    XL:     27
Magic:  32/32      EV: 18    Int: 13    God:    Gozag
Gold:   14520      SH: 34    Dex: 21    Spells: 36/39 levels left

rFire   + + +      SeeInvis +   a - +9 demon whip (spect)
rCold   + + +      Faith    .   c - +8 tower shield {rC+ rF+}
rNeg    + + +      Spirit   .   q - +9 plate armour of Music {rF++}
rPois   +          Reflect  .   t - -2 hat of the Alchemist {rElec rPois rF+ rC+ rN+ Will+ rMut rCorr}
rElec   +          Harm     .   f - +2 cloak
rCorr   +          Rampage  .   A - +2 pair of gloves {Dex+3}
rMut    +                       p - +2 pair of boots {Fly}
Will    +++++                   r - amulet of Upsyxi Varu {Acrobat rElec rN+ Will++ Dex+2}
Stlth   ..........              i - ring of Ybbin {rC+ rN+ Str+3 Int+2 SInv}
HPRegen 0.53/turn               s - +4 ring of slaying
MPRegen 0.23/turn

@: flying, studying 3 skills
A: horns 2, retaliatory headbutt
0: Orb of Zot
}: 4/15 runes: serpentine, barnacled, slimy, silver
a: Renounce Religion, Potion Petition, Call Merchant, Bribe Branch


You escaped.
You worshipped Gozag.
Gozag was extremely pleased with you.
You visited 11 branches of the dungeon, and saw 56 of its levels.
You visited 1 bazaar.
You also visited: Ossuary, Gauntlet, Ice Cave and Wizlab.

You collected 31970 gold pieces.
You spent 6493 gold pieces at shops.
You paid 10957 gold pieces to Gozag.

Inventory:

Hand Weapons
 a - a +9 spectral demon whip (weapon)
   (You took it off Amaemon on level 8 of the Dungeon)
 b - the +5 demon whip "Spellbinder" {antimagic, Will+}
   (You found it in a wizard's laboratory)

   It reduces the magical energy of the wielder, and disrupts the spells and
   magical abilities of those it strikes.
   Natural abilities and divine invocations are not affected.
   It unleashes wild and unpredictable magical effects upon striking a wizard or
   a creature with magical abilities.
   Will:      It increases your willpower.
Missiles
 w - 3 silver boomerangs
 y - 8 boomerangs (quivered)
 F - 21 javelins
 J - 3 curare-tipped darts
 W - 3 throwing nets
 Z - 14 silver javelins
Armour
 c - a +8 tower shield of resistance (worn)
   (You took it off a naga warrior on level 3 of the Snake Pit)
 f - a +2 cloak (worn)
   (You found it on level 4 of the Snake Pit)
 p - a +2 pair of boots of flying (worn)
   (You bought it in a shop on level 13 of the Dungeon)
 q - the +9 plate armour of Music (worn) {rF++}
   (You found it on level 4 of the Snake Pit)

   rF:        It greatly protects you from fire.
 t - the -2 hat of the Alchemist (worn) {rElec rPois rF+ rC+ rN+ Will+ rMut rCorr}
   (You bought it in a shop on level 13 of the Dungeon)

   rF:        It protects you from fire.
   rC:        It protects you from cold.
   rElec:     It insulates you from electricity.
   rPois:     It protects you from poison.
   rN:        It protects you from negative energy.
   rCorr:     It protects you from acid and corrosion.
   rMut:      It protects you from mutation.
   Will:      It increases your willpower.
 A - a +2 pair of gloves of dexterity (worn)
   (You bought it in a shop on level 13 of the Dungeon)
Jewellery
 i - the ring of Ybbin (left hand) {rC+ rN+ Str+3 Int+2 SInv}
   (You found it on level 3 of the Crypt)

   [ring of positive energy]

   Str:       It affects your strength (+3).
   Int:       It affects your intelligence (+2).
   rC:        It protects you from cold.
   rN:        It protects you from negative energy.
   SInv:      It lets you see invisible.
 r - the amulet of Upsyxi Varu (around neck) {Acrobat rElec rN+ Will++ Dex+2}
   (You took it off a vault warden on level 5 of the Vaults)

   [amulet of the acrobat]

   It increases your evasion while moving and waiting.
   Dex:       It affects your dexterity (+2).
   rElec:     It insulates you from electricity.
   rN:        It protects you from negative energy.
   Will:      It greatly increases your willpower.
 s - a +4 ring of slaying (right hand)
   (You found it on level 8 of the Dungeon)
Wands
 d - a wand of mindburst (6)
   (You took it off a vault sentinel on level 5 of the Vaults)
 D - a wand of charming (34)
   (You found it on level 5 of the Dungeon)
 G - a wand of light (7)
   (You found it on level 1 of the Crypt)
 L - a wand of polymorph (27)
   (You found it on level 5 of the Dungeon)
 V - a wand of iceblast (12)
   (You found it on level 3 of the Lair of Beasts)
Scrolls
 g - 10 scrolls of fear
 h - 2 scrolls of summoning
 n - 12 scrolls of blinking
 H - 6 scrolls of vulnerability
 K - 5 scrolls of silence
 M - 5 scrolls of immolation
 O - 3 scrolls of fog
 Q - 5 scrolls of magic mapping
 S - 26 scrolls of teleportation
Potions
 e - 7 potions of cancellation
 j - 2 potions of magic
 k - 13 potions of lignification
 l - 17 potions of heal wounds
 u - 12 potions of mutation
 x - 7 potions of resistance
 z - 4 potions of haste
 B - 4 potions of invisibility
 C - 7 potions of ambrosia
 E - 20 potions of curing
 N - 5 potions of berserk rage
 R - 4 potions of might
Miscellaneous
 o - a box of beasts
   (You found it on level 14 of the Dungeon)
 T - a tin of tremorstones (2/2)
   (You found it in an ice cave)
 U - a phial of floods
   (You found it on level 1 of the Shoals)
 X - a condenser vane
   (You found it on level 4 of the Lair of Beasts)
 Y - a phantom mirror
   (You found it on level 11 of the Dungeon)


   Skills:
 - Level 24.2 Fighting
 - Level 14.0 Maces & Flails
 - Level 16.0 Throwing
 - Level 20.0 Armour
 - Level 17.0 Dodging
 - Level 1.5 Stealth
 + Level 26.0 Shields
 + Level 6.8 Spellcasting
 + Level 11.5 Translocations
 + Level 22.9 Evocations


You had 36 spell levels left.
You knew the following spells:

 Your Spells              Type           Power      Damage    Failure   Level
a - Apportation           Tloc           68%        N/A       1%          1
b - Blink                 Tloc           68%        N/A       1%          2

Your spell library contained the following spells:

 Spells                   Type           Power      Damage    Failure   Level
 Gell's Gravitas          Tloc           34%        N/A       2%          3
 Lesser Beckoning         Tloc           34%        N/A       2%          3
 Teleport Other           Tloc           34%        N/A       2%          3
 Passage of Golubria      Tloc           34%        N/A       8%          4
 Manifold Assault         Tloc           34%        N/A       22%         5
 Portal Projectile        Hex/Tloc       38%        N/A       24%         3
 Iskenderun's Mystic Bla  Conj/Tloc      19%        2d6       63%         4
 Foxfire                  Conj/Fire      16%        2x1d4     65%         1
 Freeze                   Ice            16%        1d4       65%         1
 Magic Dart               Conj           16%        1d3       65%         1
 Necrotize                Necr           16%        1d4       65%         1
 Sandblast                Erth           8%         2d5       65%         1
 Shock                    Conj/Air       16%        1d4       65%         1
 Slow                     Hex            16%        N/A       65%         1
 Sting                    Tmut/Pois      16%        1d3       65%         1
 Summon Small Mammal      Summ           16%        N/A       65%         1
 Dispersal                Tloc           17%        N/A       75%         6
 Call Imp                 Summ           4%         N/A       78%         2
 Passwall                 Tmut/Erth      3%         N/A       78%         2
 Poisonous Vapours        Pois/Air       8%         N/A       78%         2
 Scorch                   Fire           8%         2d5       78%         2
 Searing Ray              Conj           8%         2d4       78%         2
 Static Discharge         Conj/Air       4%         N/A       78%         2
 Summon Forest            Summ/Tloc      9%         N/A       92%         5
 Call Canine Familiar     Summ           4%         N/A       95%         3
 Confusing Touch          Hex            4%         N/A       95%         3
 Conjure Flame            Conj/Fire      4%         6-21      95%         3
 Dazzling Flash           Conj/Hex       8%         N/A       95%         3
 Frozen Ramparts          Ice            8%         1d2       95%         3
 Ignite Poison            Fire/Tmut/Pois 4%         N/A       95%         3
 Inner Flame              Hex/Fire       4%         N/A       95%         3
 Mephitic Cloud           Conj/Pois/Air  4%         N/A       95%         3
 Ozocubu's Armour         Ice            4%         N/A       95%         3
 Spider Form              Tmut/Pois      4%         N/A       95%         3
 Stone Arrow              Conj/Erth      8%         3d7       95%         3
 Summon Guardian Golem    Hex/Summ       4%         N/A       95%         3
 Swiftness                Air            4%         N/A       95%         3
 Vampiric Draining        Necr           4%         2d6       95%         3
 Airstrike                Air            2%         N/A       100%        4
 Anguish                  Hex/Necr       2%         N/A       100%        4
 Dispel Undead            Necr           4%         3d7       100%        4
 Flame Wave               Conj/Fire      4%         2d5       100%        4
 Fulminant Prism          Conj/Hex       2%         3d6       100%        4
 Hailstorm                Conj/Ice       4%         3d4       100%        4
 Ice Form                 Ice/Tmut       4%         N/A       100%        4
 Leda's Liquefaction      Hex/Erth       2%         N/A       100%        4
 Olgreb's Toxic Radiance  Pois           4%         N/A       100%        4
 Sticky Flame             Conj/Fire      4%         2d3       100%        4
 Summon Lightning Spire   Summ/Air       4%         N/A       100%        4
 Agony                    Necr           4%         N/A       100%        5
 Alistair's Intoxication  Tmut/Pois      2%         N/A       100%        5
 Blade Hands              Tmut           2%         N/A       100%        5
 Fireball                 Conj/Fire      2%         3d4       100%        5
 Freezing Cloud           Conj/Ice/Air   2%         6-21      100%        5
 Irradiate                Conj/Tmut      2%         3d14      100%        5
 Iskenderun's Battlesphe  Conj           4%         2d6       100%        5
 Lee's Rapid Deconstruct  Erth           2%         3d5*      100%        5
 Metabolic Englaciation   Hex/Ice        2%         N/A       100%        5
 Silence                  Hex/Air        2%         N/A       100%        5
 Summon Mana Viper        Hex/Summ       4%         N/A       100%        5
 Yara's Violent Unravell  Hex/Tmut       2%         3d3       100%        5
 Eringya's Noxious Bog    Tmut/Pois      2%         N/A       100%        6
 Iron Shot                Conj/Erth      2%         9d2       100%        6
 Starburst                Conj/Fire      2%         6d3       100%        6
 Statue Form              Tmut/Erth      2%         N/A       100%        6
 Summon Cactus Giant      Summ           2%         N/A       100%        6
 Dragon Form              Tmut           2%         N/A       100%        7
 Enfeeble                 Hex            2%         N/A       100%        7
 Haunt                    Necr/Summ      2%         N/A       100%        7
 Orb of Destruction       Conj           2%         9d5       100%        7
 Spellforged Servitor     Conj/Summ      2%         N/A       100%        7
 Storm Form               Tmut/Air       2%         N/A       100%        7
 Summon Hydra             Summ           2%         N/A       100%        7
 Borgnjor's Revivificati  Necr           2%         N/A       100%        8
 Discord                  Hex            2%         N/A       100%        8
 Ignition                 Fire           2%         3d3       100%        8
 Infestation              Necr           2%         N/A       100%        8
 Lehudib's Crystal Spear  Conj/Erth      2%         10d2      100%        8
 Maxwell's Capacitive Co  Air            2%         ∞         100%        8
 Necromutation            Tmut/Necr      2%         N/A       100%        8
 Death's Door             Necr           2%         N/A       100%        9
 Animate Dead             Necr           Unusable   N/A       N/A         4
 Simulacrum               Ice/Necr       Unusable   N/A       N/A         6

Dungeon Overview and Level Annotations

Branches:
Dungeon (15/15)            Temple (0/1) D:5            Lair (6/6) D:10
 Shoals (4/4) Lair:4        Snake (4/4) Lair:4        Slime (5/5) Lair:5
    Orc (2/2) D:11            Elf (3/3) Orc:2        Vaults (5/5) D:13
  Crypt (3/3) Vaults:2       Tomb (0/3) Crypt:3      Depths (4/4) D:15
    Zot (5/5) Depths:4    Ossuary (visited)           IceCv (visited)
 WizLab (visited)         Gauntlet (visited)

Altars:
Ashenzari
Elyvilon
Fedhas
Gozag
Hepliaklqana
Kikubaaqudgha
Makhleb
Uskayaw
Wu Jian
Xom
Yredelemnul
Zin
Beogh
Jiyva

Shops:
D:2 *   D:5 !   D:10 =   D:13 =[   D:15 *   Orc:2 !*?(   Elf:3 =[=[
Shoals:1 (   Snake:1 ?   Snake:4 [([   Vaults:1 (   Vaults:4 (   Zot:5 ***

Portals:
Hell: Depths:1 Depths:2 Depths:3 Depths:4
Abyss: Depths:1 Depths:2 Depths:3
Pandemonium: Depths:2 Depths:3 Depths:4
Ziggurat: Depths:4
Trove: Vaults:2 (give 16 potions of curing)

Annotations:
D:13 exclusion: ice statue
Shoals:3 Roxanne
Elf:2 3 runed translucent doors
Zot:4 2 transporters, gabibbone's ghost, veteran MiHu


Innate Abilities, Weirdness & Mutations

You have a pair of horns on your head.
You reflexively headbutt those who attack you in melee.


Message History

You kill the chaos spawn!
The chaos spawn degenerates into a cloud of primal chaos!
The Executioner hits you but does no damage.
You block the Executioner's attack. x3; The Executioner misses you.
The Executioner completely misses you.
You whack the Executioner! You headbutt the Executioner!
The Executioner is moderately wounded.
Your +9 spectral demon whip hits the Executioner.
You block the Executioner's attack.
The Executioner hits you but does no damage.
The Executioner completely misses you.
You miss the Executioner.
You headbutt the Executioner, but do no damage.
The Executioner is moderately wounded.
Your +9 spectral demon whip barely misses the Executioner.
The Executioner hits you! You block the Executioner's attack. x2
The Executioner misses you. You block the Executioner's attack. x2
You hit the Executioner. You headbutt the Executioner!
The Executioner is heavily wounded.
Your +9 spectral demon whip hits the Executioner!!
You block the Executioner's attack. x3
You barely miss the Executioner. You headbutt the Executioner!
The Executioner is almost dead.
Your +9 spectral demon whip hits the Executioner!!
You kill the Executioner!
You swap places.
You now have 14503 gold pieces (gained 15).
Casting: Blink (safe; 1% risk of failure)
Confirm with . or Enter, or press ? or * to list all spells.
Aiming: Apportation (safe; 1% risk of failure)
Press: ? - help, Dir - move target Apport: 17 gold pieces Yoink!
You pull the items towards yourself.
Unknown command.
You now have 14520 gold pieces (gained 17).
Items here: )) [[.
An Ice Fiend comes into view.
There is a stone staircase leading up here.
Unknown command.
Unknown command.
You fly upwards.
There is a stone staircase leading down here.
(D) Dungeon (T) Temple (L) Lair (A) Shoals (P) Snake Pit (M) Slime Pits (O) Orcish Mines (E) Elven Halls (V) Vaults (C) Crypt (W) Tomb (U) Depths (H) Hell (Z) Zot
Where to? (Enter - D:1 @ (x,y), ? - help)
There is a stone staircase leading up here.
You fly upwards.
There is a stone staircase leading down here.
A sixfirhy comes into view.
You block the sixfirhy's attack. x3
You block the sixfirhy's attack. x2; The sixfirhy closely misses you.
There is a stone staircase leading up here.
You whack the sixfirhy! You headbutt the sixfirhy!
The sixfirhy is heavily wounded.
Your +9 spectral demon whip completely misses the sixfirhy.
You hit the sixfirhy but do no damage. You headbutt the sixfirhy!
The sixfirhy is almost dead.
Your +9 spectral demon whip hits the sixfirhy!
You kill the sixfirhy!
Your Shields skill increases to level 26!
Unknown command.
There are no items here.
(D) Dungeon (T) Temple (L) Lair (A) Shoals (P) Snake Pit (M) Slime Pits (O) Orcish Mines (E) Elven Halls (V) Vaults (C) Crypt (W) Tomb (U) Depths (H) Hell (Z) Zot
Where to? (Enter - D:1 @ (x,y), ? - help)
You fly upwards.
There is a stone staircase leading down here.
There is an open door here.
There is a stone staircase leading up, spattered with blood here.
You fly upwards.
There is a stone staircase leading down here.
There is a stone staircase leading up here.
You fly upwards.
There is a stone staircase leading down here.
There is a stone staircase leading up here.
You fly upwards.
There is a stone staircase leading down here.
Things that are here:
a +0 ring mail; a +0 dagger HP restored.
There is a stone staircase leading up here.
You fly upwards.
There is a stone staircase leading down here.
There is an escape hatch in the ceiling here.
A mysterious force pulls you upwards. The hatch slams shut behind you.
There is a stone staircase leading up here.
You fly upwards.
There is a stone staircase leading down here.
There is an escape hatch in the ceiling here.
A mysterious force pulls you upwards. The hatch slams shut behind you.
There is a stone staircase leading up here.
You fly upwards.
There is a stone staircase leading down here.
There is an open door here.
There is a staircase leading out of the dungeon here.
You have escaped!

#. ##.# #. #.#
#.######..###.## #.# #
#....[.........# #.# ##
#..#####+#####.# #.####.
#..#PPP#.#PPP#.# #...>..
#.)#P⌠P#.#P⌠P#.# #..####
#..#PPP#.#PPP#.####..####
#..#####.#####...........
#..'....@....'..###..####
##.#####.#####.## #......
#.#PPP#.#PPP#.# ##.####
#.#P⌠P#.#P⌠P#.# #.####
#.#PPP#.#PPP#.# #.....
#.#####'#####.# #.####
#.$...........# #.#
#######.###########.#
#.............#


There were no monsters in sight!

Vanquished Creatures
  the Royal Jelly (Slime:5)
  5 dread liches
  3 orbs of fire (Zot:5)
  6 ancient liches
  3 juggernauts (Depths:2)
  Sojobo (Vaults:2)
  Boris (Crypt:2)
  A Head Instructor (WizLab)
  2 Killer Klowns (Zot:5)
  Vashnia (Snake:3)
  3 curse toes
  A shard shrike (Zot:2)
  Xtahua (Vaults:2)
  10 golden dragons
  2 bone dragons (Depths:4)
  An electric golem (Zot:5)
  A Tzitzimitl (D:15)
  2 Brimstone Fiends
  A hellephant (Zot:2)
  Jorgrun (D:15)
  2 walking crystal tomes
  12 tentacled monstrosities
  2 Ice Fiends
  5 liches
  A walking earthen tome (Depths:2)
  2 titans (Vaults:5)
  25 Orb Guardians (Zot:5)
  A walking frostbound tome (Depths:2)
  16 acid blobs
  4 quicksilver dragons
  2 deep elf master archers (Elf:3)
  5 ancient champions
  3 Executioners
  9 sphinxes
  7 death cobs
  7 tengu reavers
  12 storm dragons
  Kirke (Lair:4)
  10 azure jellies
  13 nagarajas
  10 shadow dragons
  8 draconian knights
  7 draconian monks
  18 fire giants
  A revenant (Crypt:2)
  7 frost giants
  23 vault wardens
  9 rockslimes
  9 draconian scorchers
  2 balrugs (Depths:3)
  Louise (Elf:2)
  A draconian shifter (Zot:2)
  9 draconian stormcallers
  5 orc warlords
  7 deep elf sorcerers
  3 ghost moths
  2 iron dragons
  8 draconian annihilators
  6 deep elf elementalists (Elf:3)
  A reaper (Crypt:3)
  3 curse skulls
  3 spriggan defenders (Depths:2)
  17 ironbound preservers
  9 quicksilver oozes
  8 ghouls
  A war gargoyle (Vaults:5)
  2 juggernaut skeletons
  5 vampire knights
  33 very ugly things
  21 stone giants
  5 ironbound thunderhulks
  12 white draconians
  A lorocyproca (D:15)
  12 green draconians
  13 purple draconians
  A rockslime zombie (Crypt:1)
  8 deep elf annihilators
  9 yellow draconians
  9 black draconians
  6 dire elephants
  2 entropy weavers (Vaults:5)
  A minotaur (Gauntlet)
  11 deep elf demonologists
  6 spark wasps (Depths:2)
  20 red draconians
  A crystal guardian (Vaults:4)
  A green death (Depths:3)
  8 deep elf death magi
  A blizzard demon (Depths:3)
  4 eidola
  12 merfolk impalers
  4 jiangshi
  10 ettins
  7 merfolk javelineers (Shoals:4)
  A mummy priest (Crypt:3)
  13 yaktaur captains
  6 deep elf high priests
  5 ice dragons
  2 peacekeepers
  2 salamander tyrants
  15 fire dragons
  3 ogre magi
  A rakshasa (D:15)
  40 vault guards
  11 great orbs of eyes
  10 anacondas
  7 spriggan air magi
  A catoblepas (D:14)
  10 ironbound frosthearts
  2 satyrs (Shoals:2)
  13 naga warriors
  3 boulder beetles
  A hell beast (Depths:4)
  18 hydras
  An alligator snapping turtle (Shoals:4)
  5 merfolk aquamancers
  Erica (D:11)
  2 merfolk avatars
  9 centaur warriors
  8 tengu warriors
  14 death yaks
  11 two-headed ogres
  2 orc high priests
  5 vampire magi
  9 deep troll shamans
  16 naga sharpshooters
  10 deep troll earth magi
  Sonja (D:10)
  10 deep elf knights
  7 spriggan berserkers
  5 shock serpents
  16 hell knights
  2 soul eaters
  A sixfirhy (D:10)
  4 salamander mystics
  A sun demon (Depths:4)
  3 shadow wraiths
  74 deep trolls
  21 skeletal warriors
  A death drake (shapeshifter) (Vaults:5)
  A glowing orange brain (shapeshifter) (Vaults:5)
  Amaemon (D:8)
  16 iron trolls
  9 sea snakes
  An iron troll (shapeshifter) (Vaults:5)
  4 glowing orange brains
  A flayed ghost (Depths:2)
  9 naga ritualists
  15 deep elf archers
  3 spriggan simulacra (IceCv)
  2 bog bodies
  12 wizards
  24 deep elf pyromancers
  28 harpies
  9 lindwurms
  27 ironbound convokers
  9 orc knights
  An obsidian statue (IceCv)
  5 necromancers
  6 phantasmal warriors
  11 mana vipers
  7 orc sorcerers
  31 deep elf zephyrmancers
  2 mana vipers (shapeshifter)
  3 shining eyes
  13 fauns
  A fire giant zombie (Vaults:2)
  A manticore (shapeshifter) (Vaults:5)
  An eleionoma zombie (Crypt:3)
  6 cyclopes
  A human zombie (Vaults:2)
  43 ugly things
  A fire giant skeleton (Crypt:1)
  13 manticores
  18 moths of wrath
  10 salamanders
  An elephant (Lair:6)
  2 black mambas (shapeshifter)
  3 orange demons
  2 human skeletons (Vaults:2)
  A torpor snail (Lair:6)
  12 water nymphs
  16 vault sentinels
  7 merfolk sirens
  7 guardian serpents
  30 black mambas
  A torpor snail (shapeshifter) (Depths:3)
  An eye of devastation (Slime:4)
  A gargoyle (D:14)
  9 cane toads
  10 naga magi
  2 unseen horrors
  A purple draconian zombie (Crypt:1)
  A kobold demonologist (D:11)
  2 smoke demons
  An unseen horror (shapeshifter) (Elf:1)
  A red draconian zombie (Crypt:2)
  5 tengu conjurers
  3 efreet
  A black draconian skeleton (Crypt:1)
  A komodo dragon (shapeshifter) (Gauntlet)
  33 yaktaurs
  2 anaconda simulacra (IceCv)
  9 freezing wraiths
  5 rime drakes
  A hellwing (Zot:3)
  9 ice devils
  10 entropy weaver simulacra (IceCv)
  7 komodo dragons
  13 guardian mummies
  5 trolls
  A queen bee (D:10)
  An unseen horror skeleton (Crypt:2)
  27 merfolk
  6 meliai
  2 red devils
  A death drake zombie (Crypt:3)
  A tengu simulacrum (Vaults:2)
  A mana viper skeleton (Crypt:1)
  9 polar bears
  Grinder (D:6)
  A polar bear (shapeshifter) (Vaults:5)
  A tarantella (Vaults:5)
  68 slime creatures
  11 saltlings (Orc:2)
  4 hornets
  13 wind drakes
  12 blink frogs
  A dream sheep (shapeshifter) (Vaults:5)
  3 dream sheep (Shoals:4)
  10 snapping turtles
  A jumping spider (Vaults:5)
  33 water elementals
  7 flying skulls (Crypt:3)
  6 wraiths
  9 air elementals
  A shadow (D:13)
  3 fire elementals
  2 dire elephant simulacra (IceCv)
  8 basilisks
  A yak (shapeshifter) (Gauntlet)
  6 wyverns
  A human (Lair:4)
  22 golden eyes
  3 hogs (Lair:4)
  22 yaks
  Grum (D:8)
  4 redbacks (Vaults:5)
  A steam dragon (Lair:2)
  9 vampire mosquitoes
  2 redbacks (shapeshifter) (Gauntlet)
  2 chaos spawn
  10 wargs
  7 minotaur simulacra (IceCv)
  A harpy simulacrum (IceCv)
  32 nagas
  An acid dragon (D:12)
  4 hell hounds (Elf:1)
  2 hydra simulacra (Zot:2)
  A two-headed ogre skeleton (Crypt:2)
  13 water moccasins
  A deep troll skeleton (Crypt:3)
  A floating eye (Depths:2)
  5 black bears
  13 orc warriors
  A black bear (shapeshifter) (Gauntlet)
  A sky beast (D:10)
  An elephant zombie (Crypt:1)
  An ettin simulacrum (IceCv)
  An alligator simulacrum (IceCv)
  13 ogres
  A manticore skeleton (Crypt:2)
  3 wolves (D:8)
  5 boggarts
  11 centaurs
  A swamp dragon skeleton (Crypt:1)
  2 phantoms
  A draconian zombie (Crypt:2)
  5 gnoll sergeants
  A vine stalker zombie (Crypt:3)
  9 bullfrogs
  2 necrophages (Crypt:3)
  6 earth elementals
  2 scorpions (D:6)
  6 deep troll simulacra (IceCv)
  A salamander skeleton (Crypt:2)
  4 water moccasin zombies (Ossuary)
  4 wights (D:8)
  A wyvern skeleton (Crypt:3)
  A lindwurm simulacrum (IceCv)
  22 killer bees
  A shapeshifter skeleton (Crypt:3)
  A wolf zombie (Crypt:1)
  A howler monkey (D:11)
  3 electric eels (Elf:3)
  A lava snake (D:15)
  A bullfrog zombie (Crypt:2)
  4 hounds
  14 orc priests
  Crazy Yiuf (D:5)
  10 jellies
  A bullfrog skeleton (Crypt:2)
  A gnoll shaman (D:6)
  A basilisk skeleton (Crypt:3)
  2 boggart zombies
  Jessica (D:2)
  2 iguanas
  17 orc wizards
  13 hell rats
  An ogre zombie (Crypt:3)
  A naga skeleton (Crypt:1)
  7 mummies
  28 gnolls
  4 adders
  A river rat (D:10)
  3 shadow imps
  2 white imps
  An ufetubus (D:6)
  4 adder zombies (Ossuary)
  A lava snake skeleton (Crypt:3)
  A worm (D:4)
  6 dart slugs
  48 orcs
  5 endoplasms
  A giant cockroach (D:2)
  5 gnoll zombies (Ossuary)
  6 hobgoblins
  A quokka (D:5)
  5 ball pythons
  8 bats
  6 frilled lizards
  6 goblins
  A goblin zombie (D:4)
  9 hobgoblin zombies
  4 kobolds
  5 kobold zombies (Ossuary)
  5 orc zombies
  7 rats
  18 butterflies
  A pillar of salt (Orc:2)
2343 creatures vanquished.

Vanquished Creatures (collateral kills)
  An ancient lich (Crypt:3)
  Mennas (Vaults:3)
  A caustic shrike (Depths:2)
  An electric golem (Zot:5)
  A lich (Crypt:3)
  Asterion (Vaults:2)
  A deep elf blademaster (Elf:3)
  An ironbound preserver (Vaults:3)
  Snorg (Lair:4)
  A yaktaur captain (Vaults:3)
  Erolcha (Orc:2)
  An ironbound convoker (Vaults:3)
  A naga ritualist (Snake:1)
  2 orc sorcerers (Orc:2)
  A vault sentinel (Vaults:3)
  A black mamba (Snake:1)
  7 yaktaurs
  A troll (Orc:2)
  A naga (Snake:1)
  An ogre (Orc:2)
  An orc wizard (D:5)
  A gnoll (Orc:2)
  An orc (D:5)
30 creatures vanquished.

Vanquished Creatures (others)
  An anaconda (Snake:1)
  13 dancing weapons
  A deep elf knight (Elf:3)
  A wizard (Vaults:2)
  A troll (D:11)
  2 human simulacra (D:9)
  5 orcs (D:9)
  5 bushes (Depths:3)
  36 fungi
  A pillar of salt (Orc:2)
  102 plants
  15 tentacles (Shoals:2)
183 creatures vanquished.

Grand Total: 2556 creatures vanquished

Notes
Turn   | Place    | Note
-------+----------+-------------------------------------------
     0 | D:1      | magipi the Minotaur Monk began the quest for the Orb.
     0 | D:1      | Reached XP level 1. HP: 19/19 MP: 0/0
   305 | D:1      | Reached XP level 2. HP: 24/27 MP: 1/1
   522 | D:1      | Found a faded altar of an unknown god.
   636 | D:2      | Found Miplunah's Assorted Antiques.
   638 | D:2      | Reached XP level 3. HP: 33/33 MP: 2/2
   750 | D:2      | Noticed Jessica
   753 | D:2      | Killed Jessica
   977 | D:2      | Reached XP level 4. HP: 40/40 MP: 3/3
  1171 | D:3      | Reached skill level 5 in Maces & Flails
  1828 | D:4      | Found a sand-covered staircase.
  1836 | D:4      | Reached skill level 1 in Throwing
  1836 | D:4      | Reached XP level 5. HP: 44/47 MP: 4/4
  1838 | Ossuary  | Entered an ossuary
  1945 | Ossuary  | Reached skill level 5 in Fighting
  1945 | Ossuary  | Reached XP level 6. HP: 53/56 MP: 5/5
  2245 | D:4      | Reached skill level 5 in Dodging
  2245 | D:4      | Reached XP level 7. HP: 29/61 MP: 6/6
  2484 | D:4      | Identified the +5 hand axe of Damp Purpose {distort, *Slow
                  | rN+++ Int+2 Stlth+}
  2847 | D:4      | Found an opulent altar of Gozag.
  2895 | D:5      | Entered Level 5 of the Dungeon
  3159 | D:4      | Became a worshipper of Gozag Ym Sagoz the Greedy
  3215 | D:5      | Found Dalafuna's Distillery.
  3231 | D:5      | Bought a potion of curing for 33 gold pieces
  3231 | D:5      | Bought a potion of heal wounds for 55 gold pieces
  3231 | D:5      | Bought 2 potions of curing for 66 gold pieces
  3231 | D:5      | Bought a potion of flight for 33 gold pieces
  3231 | D:5      | Bought a potion of haste for 110 gold pieces
  3616 | D:5      | Found a runed translucent door.
  3617 | D:5      | Noticed Crazy Yiuf
  3622 | D:5      | Killed Crazy Yiuf
  3705 | D:5      | Found a staircase to the Ecumenical Temple.
  3942 | D:5      | Reached XP level 8. HP: 57/70 MP: 7/7
  4376 | D:6      | Reached skill level 5 in Throwing
  4440 | D:6      | Noticed Grinder
  4547 | D:6      | Killed Grinder
  5279 | D:7      | Reached XP level 9. HP: 77/79 MP: 8/8
  5910 | D:8      | Noticed an orange demon
  5911 | D:8      | Noticed Amaemon
  6278 | D:8      | Killed Amaemon
  6537 | D:8      | Killed an orange demon
  6724 | D:8      | Reached XP level 10. HP: 60/90 MP: 5/9
  6763 | D:8      | Noticed Grum
  6778 | D:8      | Killed Grum
  6944 | D:9      | Found a basalt altar of Yredelemnul.
  7137 | D:9      | Noticed a red ugly thing
  7153 | D:9      | Killed a red ugly thing
  7576 | D:9      | Reached skill level 10 in Maces & Flails
  8586 | D:10     | Entered Level 10 of the Dungeon
  8782 | D:10     | Noticed a death yak
  8805 | D:10     | Noticed a death yak
  8810 | D:10     | Killed a death yak
  8810 | D:10     | Noticed a death yak
  8876 | D:10     | Found Qefey's Jewellery Shoppe.
  8881 | D:10     | Bought the ring of Qulimn {Fly SInv} for 385 gold pieces
  8973 | D:10     | Noticed a centaur warrior
  8985 | D:10     | Killed a centaur warrior
  8986 | D:10     | Reached skill level 10 in Throwing
  9003 | D:10     | Noticed a two-headed ogre
  9034 | D:10     | Killed a two-headed ogre
  9035 | D:10     | Reached skill level 10 in Fighting
  9035 | D:10     | Reached XP level 11. HP: 81/99 MP: 8/10
  9035 | D:10     | Noticed Sonja
  9038 | D:10     | Killed Sonja
  9302 | D:10     | Identified the +2 leather armour "Sieskum" {rF++ rN+ Will-
                  | Regen+}
  9302 | D:10     | Noticed Maurice
  9304 | D:10     | Noticed Maurice
  9304 | D:10     | Maurice changed into Maurice the sky beast
  9309 | D:10     | Killed Maurice the sky beast
  9348 | D:10     | Killed a death yak
  9358 | D:10     | Killed a death yak
 10158 | D:10     | Found a staircase to the Lair.
 10274 | D:10     | Found a hazy altar of Hepliaklqana.
 10408 | D:10     | Paralysed by a hornet for 2 turns
 10950 | D:11     | Reached skill level 1 in Armour
 11033 | D:11     | Reached skill level 1 in Evocations
 11550 | D:11     | Noticed a two-headed ogre
 11570 | D:11     | Killed a two-headed ogre
 11571 | D:11     | Reached skill level 10 in Dodging
 11691 | D:11     | Noticed Erica
 11720 | D:11     | Killed Erica
 11833 | D:11     | Found a staircase to the Orcish Mines.
 12000 | D:11     | Noticed an eight-headed hydra
 12000 | D:11     | Noticed a two-headed ogre
 12012 | D:11     | Killed an eight-headed hydra
 12013 | D:11     | Reached XP level 12. HP: 110/110 MP: 9/11
 12014 | D:11     | Killed a two-headed ogre
 12092 | D:11     | Noticed a centaur warrior
 12110 | D:11     | Killed a centaur warrior
 12263 | D:11     | Reached skill level 5 in Armour
 12514 | D:11     | Noticed a two-headed ogre
 12530 | D:11     | Killed a two-headed ogre
 12760 | D:11     | Found the +12 pair of quick blades "Gyre" and "Gimble"
                  | {protect}
 12762 | D:11     | Identified the +1 scale mail "Vuyreppi" {Drain rF+ Str+4
                  | SInv}
 12763 | D:11     | Got Sif Muna's Disquisition on Harmful Transmutation
 12917 | Lair:1   | Entered Level 1 of the Lair of Beasts
 12920 | Lair:1   | Noticed a seven-headed hydra
 12942 | Lair:1   | Killed a seven-headed hydra
 13241 | Lair:1   | Reached skill level 5 in Evocations
 14387 | Lair:2   | Noticed a four-headed hydra
 14400 | Lair:2   | Killed a four-headed hydra
 14461 | Lair:2   | Noticed a boulder beetle
 14478 | Lair:2   | Killed a boulder beetle
 15176 | Lair:3   | Reached XP level 13. HP: 116/116 MP: 12/12
 15473 | Lair:4   | Found a staircase to the Snake Pit.
 15598 | Lair:4   | Noticed Kirke
 15601 | Lair:4   | Noticed a sphinx
 15687 | Lair:4   | Noticed Snorg
 15694 | Lair:4   | Killed Snorg
 15796 | Lair:4   | Killed Kirke
 15797 | Lair:4   | Reached skill level 10 in Armour
 16388 | Lair:4   | Found a staircase to the Shoals.
 17490 | Lair:5   | Found a staircase to the Slime Pits.
 17845 | Lair:6   | Entered Level 6 of the Lair of Beasts
 17852 | Lair:6   | Noticed a dire elephant
 17989 | Lair:6   | Reached skill level 10 in Evocations
 18227 | Orc:1    | Entered Level 1 of the Orcish Mines
 18844 | Orc:2    | Entered Level 2 of the Orcish Mines
 18848 | Orc:2    | Paralysed by an orc sorcerer for 4 turns
 19155 | Orc:2    | Found a staircase to the Elven Halls.
 19307 | Orc:2    | Noticed Erolcha
 19313 | Orc:2    | Killed Erolcha
 19579 | Orc:2    | Reached XP level 14. HP: 112/124 MP: 11/13
 20054 | Orc:2    | Found Cutoh's General Store.
 20140 | Orc:2    | Bought a wand of iceblast (4) for 104 gold pieces
 20152 | Orc:2    | Found Yschigiomn's Weapon Shop.
 20152 | Orc:2    | Noticed an orc warlord
 20164 | Orc:2    | Killed an orc warlord
 20288 | Orc:2    | Found Ficvaric's Magic Scroll Shop.
 20371 | Orc:2    | Found Kirepeaj's Distillery.
 20419 | Orc:2    | Bought a scroll of brand weapon for 360 gold pieces
 20419 | Orc:2    | Bought a scroll of blinking for 135 gold pieces
 20419 | Orc:2    | Bought a scroll of enchant weapon for 135 gold pieces
 20651 | D:12     | Found a gate leading to a gauntlet.
 20660 | Gauntlet | Entered a Gauntlet
 20660 | Gauntlet | Found a transporter.
 20665 | Gauntlet | Found a transporter.
 20670 | Gauntlet | Found a transporter.
 20678 | Gauntlet | Found a runed translucent gate.
 20678 | Gauntlet | Found a runed translucent gate.
 20681 | Gauntlet | Found a runed translucent gate.
 20681 | Gauntlet | Found a transporter.
 20683 | Gauntlet | Found a transporter.
 20696 | Gauntlet | Found a transporter.
 20701 | Gauntlet | Found a runed translucent door.
 20708 | Gauntlet | Found a transporter.
 20726 | Gauntlet | Found a transporter.
 20736 | Gauntlet | Found a transporter.
 20751 | Gauntlet | Found a transporter.
 20760 | Gauntlet | Found a transporter.
 20762 | Gauntlet | Found a transporter.
 20983 | Gauntlet | Found a transporter.
 21080 | Gauntlet | Paralysed by a hornet for 3 turns
 21102 | Gauntlet | Identified the +6 scale mail of Kyfrycom {Drain rN++ Str+4}
 22780 | D:13     | Bought a +2 pair of boots of flying for 322 gold pieces
 22780 | D:13     | Bought a +2 pair of gloves of dexterity for 322 gold pieces
 22780 | D:13     | Bought the -2 hat of the Alchemist {rElec rPois rF+ rC+ rN+
                  | Will+ rMut rCorr} for 708 gold pieces
 22780 | D:13     | Found the -2 hat of the Alchemist {rElec rPois rF+ rC+ rN+
                  | Will+ rMut rCorr}
 22961 | Orc:2    | Bought a ring of willpower for 325 gold pieces
 22961 | Orc:2    | Bought a potion of magic for 104 gold pieces
 22961 | Orc:2    | Bought a potion of haste for 130 gold pieces
 22971 | Orc:2    | Upgraded the game from 0.29-a0-676-ga64570c9d2 to
                  | 0.29-a0-700-g2f1814c7b2
 23180 | D:13     | Noticed an ironbound preserver
 23202 | D:13     | Reached skill level 1 in Shields
 23213 | D:13     | Killed an ironbound preserver
 23244 | D:13     | Found a gate to the Vaults.
 23314 | D:14     | Reached skill level 2 in Shields
 23763 | D:14     | Found a white marble altar of Elyvilon.
 23926 | D:15     | Entered Level 15 of the Dungeon
 24073 | D:15     | Found a broken altar of Ashenzari.
 24124 | D:15     | Reached skill level 3 in Shields
 24340 | D:15     | Reached XP level 15. HP: 129/129 MP: 14/14
 24354 | D:15     | Noticed Jorgrun
 24366 | D:15     | Killed Jorgrun
 24458 | D:15     | Found Laohesch's Assorted Antiques.
 24499 | D:15     | Bought 2 potions of heal wounds for 340 gold pieces
 24499 | D:15     | Bought a potion of curing for 102 gold pieces
 24548 | D:15     | Reached skill level 4 in Shields
 24650 | D:15     | Found a staircase to the Depths.
 25804 | Lair:6   | Reached skill level 5 in Shields
 26450 | Shoals:1 | Entered Level 1 of the Shoals
 26527 | Shoals:1 | Reached skill level 6 in Shields
 26830 | Shoals:1 | Found Kostriake's Antique Weapon Emporium.
 26848 | Shoals:1 | Reached skill level 15 in Throwing
 27004 | Shoals:1 | Identified the +0 cloak of Sunlight {Str+3 Dex-5 Stlth+}
 27472 | Shoals:2 | Reached skill level 7 in Shields
 27474 | Shoals:2 | Reached XP level 16. HP: 129/137 MP: 13/15
 27848 | Shoals:2 | Noticed a kraken
 28350 | Shoals:3 | Identified Roxanne's Compendium of Earth
 28350 | Shoals:3 | Noticed Roxanne
 28680 | Shoals:4 | Entered Level 4 of the Shoals
 28680 | Shoals:4 | Found a blossoming altar of Fedhas.
 28707 | Shoals:4 | Paralysed by an air elemental for 1 turns
 28711 | Shoals:4 | Paralysed by an air elemental for 1 turns
 28740 | Shoals:4 | Paralysed by an air elemental for 1 turns
 28969 | Shoals:4 | Reached skill level 8 in Shields
 29012 | Shoals:4 | Paralysed by an air elemental for 1 turns
 29029 | Shoals:4 | Paralysed by an air elemental for 1 turns
 29798 | Shoals:4 | Found a stormy altar of Qazlal.
 30016 | Shoals:4 | Paralysed by an air elemental for 1 turns
 30025 | Shoals:4 | Paralysed by an air elemental for 1 turns
 30099 | Shoals:4 | Reached skill level 9 in Shields
 30408 | Shoals:4 | Noticed a storm dragon
 30439 | Shoals:4 | Reached skill level 15 in Armour
 30660 | Shoals:4 | Killed a storm dragon
 30884 | Shoals:4 | Identified the +1 leather armour "Kunimal" {rPois rC+ rCorr
                  | Stlth-}
 30884 | Shoals:4 | Identified the ring of Anyrath {rC+ Will- Str+6 Dex+6 SInv}
 30930 | Shoals:4 | Got a barnacled rune of Zot
 30965 | Shoals:4 | Reached XP level 17. HP: 91/144 MP: 11/16
 31135 | Shoals:4 | Reached skill level 10 in Shields
 31282 | Snake:1  | Entered Level 1 of the Snake Pit
 31282 | Snake:1  | Found Isoazot's Magic Scroll Boutique.
 31413 | Snake:1  | Bought a scroll of enchant weapon for 97 gold pieces
 31413 | Snake:1  | Bought a scroll of enchant weapon for 97 gold pieces
 32271 | Snake:2  | Found a frozen archway.
 32338 | IceCv    | Entered an ice cave
 32590 | IceCv    | Reached skill level 15 in Evocations
 32994 | IceCv    | Identified the amulet of Xom's Capriciousness {Spirit +Inv}
 33025 | IceCv    | Noticed an Ice Fiend
 33061 | IceCv    | Killed an Ice Fiend
 33512 | IceCv    | Identified the +5 triple sword "Qookyiz" {pain, Str+4}
 35097 | Snake:3  | Found a shimmering altar of Xom.
 35597 | Snake:3  | Noticed Vashnia
 35625 | Snake:3  | Reached skill level 11 in Shields
 35652 | Snake:3  | Killed Vashnia
 35653 | Snake:3  | Reached XP level 18. HP: 101/161 MP: 9/17
 36121 | Snake:4  | Entered Level 4 of the Snake Pit
 36684 | Snake:4  | Found Dosai's Antique Armour Shoppe.
 36684 | Snake:4  | Found Odyo's Weapon Emporium.
 36687 | Snake:4  | Found Peonwen's Armour Shoppe.
 36814 | Snake:4  | Identified the +9 plate armour of Music {rF++}
 37291 | Snake:4  | Reached skill level 15 in Fighting
 37371 | Snake:4  | Reached skill level 12 in Shields
 37757 | Snake:4  | Got a serpentine rune of Zot
 38258 | Elf:1    | Entered Level 1 of the Elven Halls
 38559 | Elf:1    | Noticed a Brimstone Fiend
 38842 | Elf:1    | Reached skill level 13 in Shields
 39016 | Elf:1    | Reached XP level 19. HP: 168/174 MP: 16/18
 39233 | Elf:1    | Got the Handbook of the Entourage
 39372 | Elf:2    | Identified a scroll of acquirement
 39375 | Elf:2    | Acquired 807 gold pieces
 39401 | Elf:2    | Paralysed by an air elemental for 1 turns
 39581 | Elf:2    | Found a runed translucent gate.
 39581 | Elf:2    | Found a runed translucent gate.
 39585 | Elf:2    | Found a runed translucent gate.
 39847 | Elf:2    | Noticed Louise
 39860 | Elf:2    | Killed Louise
 40031 | Elf:3    | Entered Level 3 of the Elven Halls
 40203 | Elf:3    | Found an ancient bone altar of Kikubaaqudgha.
 40368 | Elf:3    | Reached skill level 14 in Shields
 40559 | Elf:3    | Paralysed by an air elemental for 1 turns
 40580 | Elf:3    | Found Qeuwky's Armour Shop.
 40585 | Elf:3    | Found Bucia's Jewellery Emporium.
 40599 | Elf:3    | Found Lathisch's Armour Shop.
 40599 | Elf:3    | Found Fott's Jewellery Emporium.
 40906 | Elf:3    | Identified the +1 ring mail of the Pits of Slime {Rampage
                  | Dex+6}
 41101 | Elf:3    | Reached skill level 15 in Dodging
 41404 | Elf:3    | Reached skill level 15 in Shields
 42256 | Elf:3    | Identified the +5 scale mail "Xaissot" {rF+}
 42305 | Elf:3    | Identified the +7 rapier of the Terrible God {drain, Int+5}
 42305 | Elf:3    | Identified the ring "Xyiggyun" {rElec rC+ Dex+6 SInv}
 42305 | Elf:3    | Identified the +9 short sword "Ugruu" {pain, rF- rC+ Str+5}
 42322 | Elf:3    | Identified the ring of Holi {rC+ rCorr Int+8 Slay-2}
 42414 | Elf:3    | Identified the +7 longbow "Cirobbib" {venom, rN+ Str+3
                  | Dex+2}
 42734 | Vaults:1 | Entered Level 1 of the Vaults
 42837 | Vaults:1 | Found Zutyipta's Antique Weapon Boutique.
 42887 | Vaults:1 | Found a magical portal.
 42892 | WizLab   | Entered Yara's Duelist Academy
 43178 | WizLab   | Reached XP level 20. HP: 159/183 MP: 17/19
 43461 | WizLab   | Noticed Pimoyhas
 43479 | WizLab   | Killed Pimoyhas the Head Instructor
 43861 | WizLab   | Found the +5 demon whip "Spellbinder" {antimagic, Will+}
 43897 | WizLab   | Got Yara's Volume of Malediction
 43900 | WizLab   | Got Yara's Disquisition on Beguiling
 44046 | Vaults:1 | Reached skill level 16 in Shields
 45464 | Vaults:1 | Reached skill level 17 in Shields
 46327 | Vaults:2 | Noticed Sojobo
 46347 | Vaults:2 | Killed Sojobo
 46504 | Vaults:2 | Reached skill level 18 in Shields
 46739 | Vaults:2 | Noticed Xtahua
 46841 | Vaults:2 | Reached XP level 21. HP: 156/194 MP: 16/20
 46876 | Vaults:2 | Killed Xtahua
 46990 | Vaults:2 | Noticed Asterion
 47005 | Vaults:2 | Killed Asterion
 47864 | Vaults:2 | Found a staircase to the Crypt.
 47864 | Vaults:2 | Found a basalt altar of Yredelemnul.
 47867 | Vaults:2 | Found an ancient bone altar of Kikubaaqudgha.
 48195 | Vaults:2 | Identified the +1 leather armour of the Locust {-Tele
                  | Rampage Will++ Stlth+}
 48235 | Vaults:2 | Found a portal to a secret trove of treasure.
 48382 | Vaults:3 | Found a huge runed gate.
 48382 | Vaults:3 | Found a huge runed gate.
 48382 | Vaults:3 | Found a huge runed gate.
 48383 | Vaults:3 | Found a huge runed gate.
 48383 | Vaults:3 | Found a huge runed gate.
 48383 | Vaults:3 | Found a huge runed gate.
 48383 | Vaults:3 | Found a huge runed gate.
 48383 | Vaults:3 | Found a huge runed gate.
 48383 | Vaults:3 | Found a huge runed gate.
 48383 | Vaults:3 | Found a huge runed gate.
 49027 | Vaults:3 | Found a huge runed gate.
 49027 | Vaults:3 | Found a huge runed gate.
 49027 | Vaults:3 | Found a huge runed gate.
 49027 | Vaults:3 | Found a huge runed gate.
 49027 | Vaults:3 | Found a huge runed gate.
 49027 | Vaults:3 | Found a huge runed gate.
 49028 | Vaults:3 | Found a huge runed gate.
 49029 | Vaults:3 | Found a huge runed gate.
 49030 | Vaults:3 | Found a huge runed gate.
 49038 | Vaults:3 | Found a huge runed gate.
 49038 | Vaults:3 | Found a huge runed gate.
 49038 | Vaults:3 | Found a huge runed gate.
 49038 | Vaults:3 | Found a huge runed gate.
 49038 | Vaults:3 | Found a huge runed gate.
 49038 | Vaults:3 | Found a huge runed gate.
 49039 | Vaults:3 | Found a huge runed gate.
 49040 | Vaults:3 | Found a huge runed gate.
 49042 | Vaults:3 | Found a huge runed gate.
 49104 | Vaults:3 | Noticed Mennas
 49126 | Vaults:3 | Killed Mennas
 50061 | Vaults:3 | Found a huge runed gate.
 50061 | Vaults:3 | Found a huge runed gate.
 50061 | Vaults:3 | Found a huge runed gate.
 50061 | Vaults:3 | Found a huge runed gate.
 50061 | Vaults:3 | Found a huge runed gate.
 50061 | Vaults:3 | Found a huge runed gate.
 50062 | Vaults:3 | Found a huge runed gate.
 50063 | Vaults:3 | Found a huge runed gate.
 50338 | Vaults:4 | Found Puan's Antique Weapon Shoppe.
 50550 | Vaults:4 | Reached skill level 19 in Shields
 51418 | Vaults:4 | Reached XP level 22. HP: 200/205 MP: 21/21
 52555 | Depths:1 | Entered Level 1 of the Depths
 53268 | Depths:1 | Found a hide-covered altar of Uskayaw.
 53395 | Depths:1 | Found a one-way gate to the infinite horrors of the Abyss.
 53426 | Depths:1 | Found an ornate altar of the Wu Jian Council.
 53604 | Depths:1 | Found a gateway to Hell.
 53908 | Depths:2 | Noticed a golden dragon
 53937 | Depths:2 | Killed a golden dragon
 54427 | Depths:2 | Noticed a juggernaut
 54443 | Depths:2 | Killed a juggernaut
 54597 | Depths:2 | Reached skill level 20 in Shields
 54806 | Depths:2 | Noticed a juggernaut
 54830 | Depths:2 | Killed a juggernaut
 55401 | Depths:2 | Identified the +5 great mace of Woidipifus {vorpal, *Slow
                  | rPois Will+ Dex+4}
 55425 | Depths:2 | Noticed a caustic shrike
 55431 | Depths:2 | Killed a caustic shrike
 55443 | Depths:2 | Reached XP level 23. HP: 175/215 MP: 19/22
 55610 | Depths:2 | Identified the +6 war axe of Ulaq {spect, Int+4}
 55684 | Depths:2 | Identified the +7 quarterstaff of Eternal Harmony {vamp,
                  | rCorr Str+2 Int+3 Dex-2}
 55713 | Depths:2 | Found a one-way gate leading to the halls of Pandemonium.
 55715 | Depths:2 | Noticed a juggernaut
 55742 | Depths:2 | Killed a juggernaut
 55821 | Depths:2 | Got the Almanac of Lightness
 55822 | Depths:2 | Identified the +10 falchion of Tujadequ {freeze, rPois rN+}
 56518 | Depths:3 | Found a gateway to a bazaar.
 56915 | Bazaar   | Entered a bazaar
 56915 | Bazaar   | Found Bonus's Antique Armour Emporium.
 56915 | Bazaar   | Found Plog's Distillery.
 56915 | Bazaar   | Found Moipnonk's Antique Weapon Shoppe.
 56915 | Bazaar   | Found Kolaj's Assorted Antiques.
 56915 | Bazaar   | Found Cepag's Weapon Shoppe.
 56997 | Bazaar   | Bought a scroll of blinking for 120 gold pieces
 56997 | Bazaar   | Bought a shimmering demon whip for 320 gold pieces
 56997 | Bazaar   | Identified the +5 demon whip of Gawno {pain, rPois rC-
                  | Will+ Dex+3} (You bought it in a shop in a bazaar)
 56999 | Bazaar   | Bought a potion of ambrosia for 136 gold pieces
 56999 | Bazaar   | Bought a potion of berserk rage for 85 gold pieces
 56999 | Bazaar   | Bought a potion of heal wounds for 85 gold pieces
 56999 | Bazaar   | Bought a potion of resistance for 170 gold pieces
 56999 | Bazaar   | Bought a potion of haste for 170 gold pieces
 56999 | Bazaar   | Bought a potion of berserk rage for 85 gold pieces
 56999 | Bazaar   | Bought a potion of might for 68 gold pieces
 56999 | Bazaar   | Bought a potion of curing for 51 gold pieces
 57001 | Bazaar   | Bought a pair of runed gloves for 210 gold pieces
 57780 | Depths:3 | Reached skill level 21 in Shields
 58452 | Depths:3 | Found a burning altar of Makhleb.
 58460 | Depths:3 | Found the +5 scythe "Finisher" {speed, eviscerate}
 58472 | Depths:3 | Identified the +0 robe "Iddemul" {rF++ Regen+ Stlth-}
 58748 | Depths:3 | Got the Compendium of the Shifting Traveller
 58762 | Depths:3 | Upgraded the game from 0.29-a0-700-g2f1814c7b2 to
                  | 0.29-a0-717-g6dac4ea423
 58842 | Depths:4 | Entered Level 4 of the Depths
 59095 | Depths:4 | Found a one-way gateway to a ziggurat.
 59318 | Depths:4 | Found a glowing silver altar of Zin.
 60182 | Depths:4 | Found a gate to the Realm of Zot.
 60472 | Crypt:1  | Entered Level 1 of the Crypt
 60541 | Crypt:1  | Identified the +0 scale mail "Itwye" {rF+ rC+ Dex+3 SInv}
 60613 | Crypt:1  | Reached XP level 24. HP: 225/231 MP: 21/22
 60892 | Crypt:1  | Reached skill level 22 in Shields
 61498 | Crypt:2  | Noticed Boris
 61528 | Crypt:2  | Killed Boris
 62239 | Crypt:3  | Entered Level 3 of the Crypt
 63398 | Crypt:3  | Found a staircase to the Tomb.
 63970 | Crypt:3  | Noticed an ancient lich
 63998 | Crypt:3  | Reached skill level 23 in Shields
 64001 | Crypt:3  | Killed an ancient lich
 64045 | Crypt:3  | Identified the +5 hand axe of Quantum Leap {spect, rElec}
 64050 | Crypt:3  | Identified the ring "Weum" {rElec rN+ SInv Stlth+}
 64050 | Crypt:3  | Identified the ring of Ybbin {rC+ rN+ Str+3 Int+2 SInv}
 64050 | Crypt:3  | Identified the ring "Sesuox" {rN+ Int+5 Dex-4}
 64076 | Crypt:3  | Identified the +1 flail of Impeachment {drain, Fly Will++
                  | rCorr Dex-2}
 64276 | Vaults:5 | Entered Level 5 of the Vaults
 64608 | Vaults:5 | Noticed an ancient lich
 64618 | Vaults:5 | Killed an ancient lich
 64986 | Vaults:5 | Noticed a dread lich
 64998 | Vaults:5 | Identified the amulet of Upsyxi Varu {Acrobat rElec rN+
                  | Will++ Dex+2}
 65039 | Vaults:5 | Noticed a dread lich
 65293 | Vaults:5 | Reached skill level 24 in Shields
 65431 | Vaults:5 | Killed a dread lich
 65481 | Vaults:5 | Reached XP level 25. HP: 213/243 MP: 19/22
 65654 | Vaults:5 | Got a silver rune of Zot
 65956 | Vaults:5 | Killed a dread lich
 66007 | Vaults:5 | Got the Catalogue of Poisonous Transmutation
 66256 | Vaults:5 | Got the Incunabulum of Moulding
 67568 | Depths:2 | Learned a level 1 spell: Apportation
 67571 | Depths:2 | Learned a level 2 spell: Blink
 67933 | Slime:1  | Entered Level 1 of the Pits of Slime
 67982 | Slime:2  | Reached skill level 1 in Translocations
 68038 | Slime:1  | Reached skill level 1 in Spellcasting
 68665 | Slime:5  | Entered Level 5 of the Pits of Slime
 68779 | Slime:5  | Found a viscous altar of Jiyva.
 68803 | Slime:5  | Noticed the Royal Jelly
 68820 | Slime:5  | Killed the Royal Jelly
 68852 | Slime:5  | Reached skill level 5 in Translocations
 69002 | Slime:5  | Identified the +1 chain mail "Nakuex" {Stlth+}
 69026 | Slime:5  | Identified the ring "Canwah" {*Slow Will+ Str+6 Dex+8
                  | Slay+3}
 69049 | Slime:5  | Got a slimy rune of Zot
 69474 | Zot:1    | Entered Level 1 of the Realm of Zot
 70195 | Zot:2    | You are sucked into a shaft and drop 1 floor!
 71440 | Zot:1    | Reached skill level 5 in Spellcasting
 71507 | Zot:1    | Reached XP level 26. HP: 176/251 MP: 30/30
 73294 | Zot:3    | Identified the +4 dire flail of Joly {chaos, rC+ MP+9
                  | Str-2}
 73779 | Zot:3    | Reached skill level 10 in Translocations
 74570 | Zot:4    | Reached skill level 25 in Shields
 74734 | Zot:4    | Found a transporter.
 74737 | Zot:4    | Noticed gabibbone's ghost (veteran MiHu)
 75240 | Zot:4    | Found a transporter.
 75353 | Zot:5    | Entered Level 5 of the Realm of Zot
 76017 | Zot:5    | Bought a potion of curing for 120 gold pieces
 76017 | Zot:5    | Bought a wand of light (2) for 320 gold pieces
 76017 | Zot:5    | Bought a potion of cancellation for 320 gold pieces
 76021 | Zot:5    | Bought a potion of heal wounds for 135 gold pieces
 76021 | Zot:5    | Bought a warped turquoise ring for 135 gold pieces
 76021 | Zot:5    | Identified the ring of Pesix {Will+ Int+3} (You bought it
                  | in a shop on level 5 of the Realm of Zot)
 76612 | Zot:5    | Noticed an ancient lich
 76618 | Zot:5    | Noticed an orb of fire
 76623 | Zot:5    | Noticed an orb of fire
 76627 | Zot:5    | Noticed a dread lich
 76657 | Zot:5    | Killed a dread lich
 76792 | Zot:5    | Killed an orb of fire
 77093 | Zot:5    | Noticed an ancient lich
 77102 | Zot:5    | Noticed an ancient lich
 77104 | Zot:5    | Noticed a dread lich
 77114 | Zot:5    | Noticed an ancient lich
 77131 | Zot:5    | Killed an orb of fire
 77211 | Zot:5    | Reached XP level 27. HP: 200/261 MP: 31/31
 77245 | Zot:5    | Noticed an orb of fire
 77258 | Zot:5    | Killed an ancient lich
 77264 | Zot:5    | Killed an orb of fire
 77276 | Zot:5    | Killed an ancient lich
 77283 | Zot:5    | Noticed an ancient lich
 77298 | Zot:5    | Killed an ancient lich
 77302 | Zot:5    | Killed an ancient lich
 77344 | Zot:5    | Killed a dread lich
 77374 | Zot:5    | Killed an ancient lich
 77428 | Zot:5    | Noticed a dread lich
 77439 | Zot:5    | Killed a dread lich
 77556 | Zot:5    | Got the Orb of Zot
 77852 | D:15     | Noticed Viosulu the pandemonium lord
 78117 | D:10     | Reached skill level 26 in Shields
 78227 | D:$      | Escaped with the Orb!

Illustrated notes

Levels and vault maps discovered:
D:1:      beargit_arrival_greenhouse, layout_loops_ring,
          shapermc_ecumenical_altar_mp_vishouse, minmay_indecisive_spiral
D:2:      layout_loops_ring, serial_shops, shop, uniq_jessica
D:3:      layout_loops_ring, minmay_randomly_rotated_circles
D:4:      layout_loops_ring, nicolae_gozag_cash_rules_everything_around_me,
          nicolae_ossuary_entry_giza
D:5:      layout_basic, minmay_temple_entry_proselytizer, serial_shops,
          shop_statue, hangedman_decor_points, uniq_crazy_yiuf_cottage
D:6:      layout_basic, kennysheep_big_empty_room, uniq_grinder
D:7:      layout_rooms
D:8:      layout_rooms, uniq_grum, uniq_amaemon
D:9:      layout_loops_corners, mainiacjoe_overflow_six_doors_small,
          bh_circular_ruins
D:10:     layout_cave_pods, mainiacjoe_overflow_24_doors, dpeg_lair_monsters,
          serial_shops, nicolae_shop_hallway_plus, hex_large, nooodl_orcs_dogs,
          uniq_maurice, uniq_sonja
D:11:     minmay_the_grid_four_pointed_star
          [minmay_the_grid_triangle_9x9_minimal,
          minmay_the_grid_triangle_9x9_from_above,
          minmay_the_grid_triangle_9x9_negative_grid,
          minmay_the_grid_triangle_9x9_pentomino_pain,
          minmay_the_grid_prize_shrinking_boxes], layout_cave_pods, orc_0_dummy,
          serial_bayou_pond_e, minmay_misc_feat_rugged, minivault_7, uniq_erica
D:12:     layout_basic, gauntlet_entry_generic
D:13:     layout_roguey, skrybe_vaults_entry_preservation, minivault_16,
          minmay_misc_feat_five
D:14:     layout_basic, elyvilon_altar_3
D:15:     grunt_enter_depths_snipers, layout_gridville, roderic_serpentine_path,
          nicolae_inconvenience_store, nicolae_ashenzari_panopticon,
          uniq_jorgrun
Lair:1:   layout_cave_pods
Lair:2:   layout_roguey, grunt_megastairs_5, lemuel_fruit_fields
Lair:3:   layout_chaotic_city, grunt_megastairs_3
Lair:4:   layout_regular_city, elwin_shoals_entry_stream,
          guppyfry_snake_entry_island, uniq_snorg, uniq_kirke
Lair:5:   layout_layer_cave, slime_entry_1, infiniplex_staircase_pool_2
Lair:6:   gammafunk_lair_ancient_temple, layout_cave_pods,
          kilobyte_rumbling_trees
Shoals:1: layout_shoals, serial_shops, shop
Shoals:2: layout_shoals
Shoals:3: layout_shoals, uniq_roxanne
Shoals:4: shoals_end_hellmonk_storm_palace [storm_palace_center_ruins,
          storm_palace_corner_narrow, storm_palace_corner_altar,
          storm_palace_corner_pillars, storm_palace_corner_altar]
Snake:1:  layout_onion, serial_shops,
          nicolae_shop_temple_entry_statues_fountains
Snake:2:  layout_onion, portal_ice_cave_entry_frozen_things, grunt_megastairs_4
Snake:3:  layout_cave_pods, basic_altar, uniq_vashnia
Snake:4:  grunt_snake_rune_serpentine_throne, layout_layer_cave,
          minmay_shop_star
Slime:1:  layout_caves
Slime:2:  layout_caves
Slime:3:  nicolae_slime_jelly_donut, layout_caves,
          cheibrodos_slime_lost_civilization_7
Slime:4:  layout_caves
Slime:5
Orc:1:    layout_diamond_mine, hellmonk_bongcloud_opening
Orc:2:    hellmonk_orc_salted, layout_diamond_mine, uniq_erolcha
Elf:1:    elf_arrival_001, layout_geoelf_octagon, special_room
          [special_room_mythical_zoo], minmay_elf_demonology
Elf:2:    nicolae_elf_blades_splatter_lattice [mumra_blade_entry_bloodbath],
          layout_geoelf_diagonals, minivault_19, uniq_louise
Elf:3:    minmay_elf_hall_x, layout_geoelf_castle, basic_altar,
          nicolae_wooded_promenade
Vaults:1: mu_enter_wizlab_1, nicolae_vaults_network_quincunx
          [nicolae_vaults_network_quincunx_subvault,
          nicolae_vaults_network_quincunx_subvault,
          nicolae_vaults_network_quincunx_subvault,
          nicolae_vaults_network_quincunx_subvault,
          nicolae_vaults_network_quincunx_subvault], ontoclasm_vaults_gateway,
          hangedman_vaults_river_flow, vaults_room_fancy_cross,
          hangedman_vaults_stagger, vaults_mumra_hex, layout_vaults_omnigrid,
          serial_shops, shop
Vaults:2: vaults_room_fancy_cross, v_misc_1, v_pattern_2,
          ontoclasm_vaults_ring_square, nicolae_vaults_stairing_the_circle,
          hangedman_vaults_cutoff, ontoclasm_vaults_loading_screen,
          nicolae_vaults_circle_grid_b, vaults_room_fancy_cross,
          minmay_crypt_entry_necro_gods, nicolae_vaults_little_ls,
          vaults_room_pool, st_cross, v_alt_pattern_5,
          layout_vaults_maze_snakey, serial_glass, nicolae_trove_entry_diagonal,
          uniq_asterion, uniq_xtahua, uniq_sojobo
Vaults:3: v_pattern_3, hangedman_vaults_pinch, not_door_vault_mu,
          nicolae_vaults_little_squares_2, vaults_mumra_hexcomb,
          nicolae_vaults_shelves_hall, nicolae_vaults_little_squares_5,
          layout_vaults_omnicross, uniq_mennas
Vaults:4: hangedman_vaults_hard_town_square, hangedman_vaults_nodes,
          ontoclasm_vaults_loading_screen, v_misc_10, v_misc_1, v_misc_15,
          nicolae_vaults_asterisk, nicolae_vaults_border_crossing,
          hangedman_vaults_variations, vaults_room_door_ring, v_misc_14,
          ontoclasm_vaults_hangar, nicolae_vaults_ring_of_whatevers,
          ontoclasm_vaults_decontamination, layout_vaults_ring, serial_shops,
          shop
Vaults:5: serial_shops
Crypt:1:  layout_rooms
Crypt:2:  layout_rooms, minmay_misc_feat_pillars, minmay_guarded_unrand_curses,
          uniq_boris
Crypt:3:  david_glass_crypt, layout_chaotic_city, tomb_entry_sphere_bobbens
Depths:1: layout_cave_pools, hell_entry, abyss_entry, nzn_wu_jian_contemplation,
          nicolae_uskayaw_dance_hall
Depths:2: box_level_dp, pan_entry, abyss_entry, hell_entry
Depths:3: evilmike_makhleb_hellhole, layout_gridville, rand_demon_pan_entry_1,
          serial_shops, statue_bzr, pf_coc_iceberg, abyss_entry,
          kennysheep_boxes, firewood_loft, grunt_megastairs_2
Depths:4: grunt_x_marks_the_spot, layout_gridlike, enter_ziggurat_f,
          serial_sigils_hangedman_leer, rand_demon_pan_entry_8, hell_entry,
          columned_hall_lemuel, zin_statuary
Zot:1:    kennysheep_spiral_hall, layout_basic
Zot:2:    kennysheep_six_static_rooms, layout_cellular_growth,
          hangedman_elemental_grid_stream
Zot:3:    layout_basic
Zot:4:    layout_gridlike, gammafunk_ghost_berserking_beasts
Zot:5:    layout_basic

Skill      XL: |  1  2  3  4  5  6  7  8  9 10 11 12 13 14 15 16 17 18 19 20 21 22 23 24 25 26 27 |
---------------+----------------------------------------------------------------------------------+-----
Maces & Flails | 4 5 6 7 8 9 10 12 13 14 | 14.0
Fighting       | 4 5 6 7 8 10 11 14 16 17 18 19 20 21 23 24 | 24.2
Dodging        | 4 5 6 7 9 10 11 13 14 15 16 17 | 17.0
Throwing       | 1 2 4 6 8 10 11 12 14 15 16 | 16.0
Armour         | 3 9 12 13 15 16 17 18 19 20 | 20.0
Evocations     | 2 7 10 12 13 14 15 16 18 20 21 22 | 22.9
Shields        | 3 7 9 11 13 15 18 19 20 21 24 25 26 | 26.0
Translocations | 8 11 | 11.5
Spellcasting   | 5 6 |  6.8
Stealth        | |  1.5

Action                   |  1- 3 |  4- 6 |  7- 9 | 10-12 | 13-15 | 16-18 | 19-21 | 22-24 | 25-27 || total
-------------------------+-------+-------+-------+-------+-------+-------+-------+-------+-------++-------
Melee: Mace              |    51 |   189 |   148 |       |       |       |       |       |       ||   388
       Headbutt          |    10 |    36 |    58 |   119 |   283 |   330 |   497 |   869 |   605 ||  2807
       Punch             |       |     2 |     2 |       |       |       |       |       |       ||     4
       Flail             |       |     6 |    72 |    13 |       |       |       |       |       ||    91
       Demon whip        |       |       |    20 |   512 |   965 |  1091 |  1459 |  2131 |  1464 ||  7642
Throw: Dart              |       |     5 |    29 |    47 |       |       |       |       |       ||    81
       Boomerang         |       |       |     4 |    14 |   109 |   238 |    44 |   137 |   219 ||   765
       Javelin           |       |       |       |       |     2 |    15 |     4 |    13 |    23 ||    57
 Cast: Blink             |       |       |       |       |       |       |       |       |     2 ||     2
       Apportation       |       |       |       |       |       |       |       |       |     2 ||     2
Invok: Potion Petition   |       |       |       |     3 |       |       |     1 |     6 |     3 ||    13
       Call Merchant     |       |       |       |       |     2 |       |       |       |     3 ||     5
Evoke: Wand              |       |       |     1 |    20 |    12 |    23 |     6 |     9 |     2 ||    73
       Condenser vane    |       |       |       |       |     4 |     2 |     4 |     1 |     2 ||    13
       Phantom mirror    |       |       |       |       |     2 |       |     1 |       |       ||     3
       Tin of tremorston |       |       |       |       |       |       |     8 |     6 |     4 ||    18
       Box of beasts     |       |       |       |       |       |       |     4 |     2 |     1 ||     7
       Phial of floods   |       |       |       |       |       |       |     2 |     1 |       ||     3
  Use: Scroll            |       |     1 |    17 |     8 |    10 |     4 |     6 |     6 |    21 ||    73
       Potion            |       |       |     5 |     4 |     3 |     1 |       |     6 |    13 ||    32
 Stab: Sleeping          |     2 |       |       |       |       |       |       |       |       ||     2
       Distracted        |       |       |       |     2 |    17 |    17 |    39 |    64 |    51 ||   190
       Invisible         |       |       |       |     1 |     2 |     2 |       |     3 |       ||     8
Armor: Ring mail         |    21 |     4 |       |       |       |       |       |       |       ||    25
       Chain mail        |       |    77 |   103 |   132 |    71 |       |       |       |       ||   383
       Leather armour    |       |       |       |       |    16 |       |       |       |       ||    16
       Scale mail        |       |       |       |       |   129 |   160 |       |       |       ||   289
       Plate armour      |       |       |       |       |       |    67 |   235 |   338 |   171 ||   811
Dodge: Dodged            |    24 |    86 |   109 |   151 |   323 |   341 |   194 |   325 |   253 ||  1806
Block: Buckler           |       |       |    32 |   110 |   164 |   122 |       |       |       ||   428
       Tower shield      |       |       |       |       |       |   419 |   884 |  1447 |   896 ||  3646

Table legend: (Time is in decaauts)
 A = Elapsed time spent in this place.
 B = Non-inter-level travel time spent in this place.
 C = Inter-level travel time spent in this place.
 D = Time resting spent in this place.
 E = Time spent auto-exploring this place.
 F = Levels seen in this place.
 G = Mean time per level.
                   A        B        C        D        E       F      G
               +--------+--------+--------+--------+--------+-----+--------+
         Total |  75001 |  67977 |   7024 |  17283 |  13428 |  61 | 1229.5 |
       Dungeon |  18089 |  15260 |   2829 |   4128 |   2573 |  15 | 1205.9 |
          Lair |   7012 |   6228 |    784 |   1921 |    906 |   6 | 1168.7 |
        Shoals |   4575 |   4398 |    177 |   1524 |    122 |   4 | 1143.8 |
     Snake Pit |   5155 |   4791 |    364 |   1145 |   1041 |   4 | 1288.8 |
    Slime Pits |   1057 |   1000 |     57 |    211 |      0 |   5 |  211.4 |
  Orcish Mines |   2196 |   1904 |    292 |    488 |     77 |   2 | 1098.0 |
   Elven Halls |   4203 |   3975 |    228 |    523 |    827 |   3 | 1401.0 |
        Vaults |  11109 |  10174 |    935 |   2362 |   3260 |   5 | 2221.8 |
         Crypt |   3516 |   3255 |    261 |    897 |    730 |   3 | 1172.0 |
        Depths |   7160 |   6335 |    825 |   1343 |   1255 |   4 | 1790.0 |
           Zot |   7631 |   7365 |    266 |   1415 |   2548 |   5 | 1526.2 |
        Bazaar |    105 |    105 |      0 |      0 |     55 |   1 |  105.0 |
       Ossuary |    228 |    228 |      0 |      0 |      0 |   1 |  228.0 |
      Ice Cave |   1190 |   1190 |      0 |    535 |     34 |   1 | 1190.0 |
        Wizlab |   1041 |   1041 |      0 |    345 |      0 |   1 | 1041.0 |
      Gauntlet |    728 |    728 |      0 |    441 |      0 |   1 |  728.0 |
               +--------+--------+--------+--------+--------+-----+--------+

Top non-repeatable levels by time:
Depths:2: 2710 daAuts
Vaults:5: 2411 daAuts
    D:11: 2326 daAuts
Vaults:4: 2313 daAuts
Vaults:2: 2308 daAuts
Depths:3: 2306 daAuts
Vaults:1: 2265 daAuts
   Elf:3: 2248 daAuts
    D:10: 2209 daAuts
Shoals:4: 2187 daAuts
     D:9: 1942 daAuts
   Zot:5: 1826 daAuts
Vaults:3: 1810 daAuts
 Crypt:3: 1801 daAuts
    D:15: 1744 daAuts
